[Event "Titled Tuesday Blitz June 6 Early 2023"]
[White "Chylewski, Patryk"]
[Black "Pakleza, Zbigniew"]
[WhiteFideId "1186191"]
[BlackFideId "1119290"]
[WhiteElo "2163"]
[BlackElo "2410"]
[Result "1/2-1/2"]
[Round "4"]
[TimeControl "180+2"]
[Date "2023.06.06"]
[WhiteClock "0:00:02"]
[BlackClock "0:00:02"]
[Board "55"]

1. e4 d6 2. d4 Nf6 3. Nc3 c6 4. a4 a5 5. h3 Nbd7 6. Be3 e5 7. g4 Be7 8. Bg2 O-O 9. Nge2 Re8 10. O-O Bf8 11. Ng3 h6 12. f4 exd4 13. Bxd4 Nh7 14. Qd2 g6 15. Rae1 Nc5 16. Bxc5 dxc5 17. Qxd8 Rxd8 18. Rd1 Bd7 19. e5 Bg7 20. Nge4 b6 21. Nd6 g5 22. fxg5 Nxg5 23. h4 Bxe5 24. hxg5 Bxg4 25. Nxf7 Bd4+ 26. Kh1 Bxd1 27. Nxd8 Bxc2 28. Nxc6 Re8 29. gxh6 Bxc3 30. bxc3 Bxa4 31. Rb1 Kh7 32. Rxb6 Kxh6 33. Nxa5+ Kg5 34. Nc4 Kf4 35. Rf6+ Kg3 36. Rg6+ Kf4 37. Nd6 Re1+ 38. Kh2 Rc1 39. c4 Bb3 40. Bd5 Ke5 41. Nf7+ Kd4 42. Rg4+ Kc3 43. Nd6 Kb4 44. Kg3 Rd1 45. Kh4 Rf1 46. Kg5 Rd1 47. Rf4 Rd2 48. Kf5 Bc2+ 49. Ke5 Re2+ 50. Ne4 Re1 51. Rh4 Bd3 52. Kf5 Rf1+ 53. Ke5 Re1 54. Rg4 Bxc4 55. Bxc4 Kxc4 56. Kf4 Kb3 57. Kf3 c4 58. Kf2 Rd1 59. Ke2 Rd4 60. Nd2+ Kc3 61. Nb1+ Kb2 62. Rxd4 c3 63. Rc4 c2 64. Rb4+ Ka1 65. Rc4 cxb1=Q 66. Ra4+ Qa2+ 67. Rxa2+ Kxa2 1/2-1/2


[Site "https://www.chess.com"]

[Event "Titled Tuesday Blitz June 6 Early 2023"]
[White "Kushko, Dmitriy"]
[Black "Arat, Ufuk Sezen"]
[WhiteFideId "14162261"]
[BlackFideId "6309089"]
[WhiteElo "2230"]
[BlackElo "2289"]
[Result "1-0"]
[Round "4"]
[TimeControl "180+2"]
[Date "2023.06.06"]
[WhiteClock "0:00:13"]
[BlackClock "0:00:03"]
[Board "56"]

1. Nf3 d5 2. g3 c6 3. Bg2 Nf6 4. O-O g6 5. b3 Bg7 6. Bb2 O-O 7. c4 Bf5 8. d3 Nbd7 9. Nbd2 Re8 10. Nd4 e5 11. Nxf5 gxf5 12. Qc2 e4 13. cxd5 cxd5 14. Bd4 Rc8 15. Qb2 Nc5 16. Bh3 exd3 17. Bxf5 dxe2 18. Rfe1 Ne6 19. Be5 Nd7 20. Bxg7 Nxg7 21. Bg4 Rc6 22. Rxe2 Rxe2 23. Bxe2 Qc7 24. Qd4 Nf6 25. Nf3 Qe7 26. Bd3 Ne6 27. Qe5 Qd8 28. Re1 Ng7 29. Nd4 Rc8 30. Nb5 Qe8 31. Qxe8+ Rxe8 32. Rxe8+ Ngxe8 33. Nxa7 Nd6 34. Nb5 Nde4 35. Kf1 Kf8 36. Ke2 Ke7 37. f3 Nc5 38. Bc2 h5 39. Ke3 Ne6 40. Nd4 Nc7 41. b4 Nfe8 42. h4 Nd6 43. Nf5+ Nxf5+ 44. Bxf5 Nb5 45. Bd3 Nd6 46. Kd4 Ke6 47. Kc5 Nc8 48. a4 b6+ 49. Kc6 Ke5 50. Ba6 Ne7+ 51. Kxb6 Kd6 52. a5 d4 53. Bd3 Nd5+ 54. Kb5 Nc7+ 55. Kc4 Ke5 56. f4+ Kd6 57. Kxd4 1-0


[Site "https://www.chess.com"]

[Event "Titled Tuesday Blitz June 6 Early 2023"]
[White "Ronka, Erik"]
[Black "Quintiliano Pinto, Renato R."]
[WhiteFideId "505080"]
[BlackFideId "2117568"]
[WhiteElo "2264"]
[BlackElo "2459"]
[Result "1-0"]
[Round "4"]
[TimeControl "180+2"]
[Date "2023.06.06"]
[WhiteClock "0:00:19"]
[BlackClock "0:00:16"]
[Board "57"]

1. e4 c5 2. Nf3 d6 3. d4 cxd4 4. Nxd4 Nf6 5. Nc3 g6 6. Be3 Bg7 7. f3 O-O 8. Qd2 Nc6 9. Bc4 Bd7 10. O-O-O Rc8 11. Bb3 Nxd4 12. Bxd4 b5 13. a3 a5 14. Nd5 Nxd5 15. Bxg7 Kxg7 16. exd5 Qc7 17. g4 Rfe8 18. Rhe1 a4 19. Ba2 Qc5 20. h4 h6 21. Qd4+ Qxd4 22. Rxd4 g5 23. hxg5 hxg5 24. Kd2 f6 25. c3 Kf7 26. Bb1 Rh8 27. Bd3 Rh3 28. Re3 Rh2+ 29. Re2 Rh3 30. Re3 Rh1 31. Rb4 Rc5 32. Rbe4 Rh2+ 33. Kc1 Kf8 34. Rxe7 Rh1+ 35. Kd2 Rh2+ 36. Ke1 Rc7 37. Bxb5 Bxb5 38. Rxc7 Rxb2 39. Rb7 Rb3 40. Ree7 Rxc3 41. Rec7 Re3+ 42. Kf2 Re2+ 43. Kg3 Be8 44. Rh7 Kg8 45. Rhe7 Rxe7 46. Rxe7 Bf7 47. Rd7 Bxd5 48. Rxd6 Bb3 49. Rxf6 Kg7 50. Rf5 Kg6 51. f4 gxf4+ 52. Kxf4 Bc2 53. Ra5 Bb3 54. g5 Bc2 55. Ra6+ Kg7 56. g6 Kh6 57. Ke5 Kg7 58. Kd4 Kh6 59. Kc3 Bb3 60. Kb4 Bd1 61. Rxa4 1-0


[Site "https://www.chess.com"]

[Event "Titled Tuesday Blitz June 6 Early 2023"]
[White "Camacho Collados, Jose"]
[Black "Papasimakopoulos, Alexandros"]
[WhiteFideId "2265427"]
[BlackFideId "4244125"]
[WhiteElo "2212"]
[BlackElo "2359"]
[Result "0-1"]
[Round "4"]
[TimeControl "180+2"]
[Date "2023.06.06"]
[WhiteClock "0:00:01"]
[BlackClock "0:00:17"]
[Board "58"]

1. g3 d5 2. Bg2 Nf6 3. c4 e6 4. Nf3 Be7 5. O-O O-O 6. b3 b6 7. cxd5 Nxd5 8. d4 Bb7 9. Re1 Nd7 10. e4 N5f6 11. Qc2 c5 12. e5 Nd5 13. dxc5 Rc8 14. h4 h6 15. Qb2 Nxc5 16. Rd1 Qc7 17. Nc3 Nxc3 18. Qxc3 Ne4 19. Qxc7 Rxc7 20. Be3 Nc3 21. Rd2 Nd5 22. Bd4 Bb4 23. Rdd1 Rfc8 24. a3 Bc3 25. Bxc3 Nxc3 26. Rd2 Bd5 27. b4 Ne4 28. Re2 Rc2 29. Rxc2 Rxc2 30. Nd4 Rd2 31. Bxe4 Rxd4 32. Bxd5 Rxd5 33. f4 g5 34. hxg5 hxg5 35. Kf2 Rd3 36. a4 Rb3 37. b5 Kg7 38. Rc1 Rb4 39. Kf3 Rxa4 40. Rc7 gxf4 41. gxf4 Ra5 42. f5 exf5 43. e6 Rxb5 44. Kf4 Rb1 45. Rxf7+ Kg6 46. Rxa7 Kf6 47. e7 Rb4+ 48. Ke3 Re4+ 49. Kd3 Rxe7 50. Ra6 Re6 51. Kd4 f4 52. Kd5 Kf5 53. Ra8 f3 54. Ra2 Re8 55. Ra7 Rf8 56. Ra2 Kf4 57. Kd4 Rd8+ 58. Kc3 Kg3 59. Ra7 f2 60. Rg7+ Kf3 61. Rf7+ Ke2 62. Re7+ Kf1 63. Rg7 b5 64. Kc2 b4 65. Rg3 Re8 66. Rg7 Ke2 0-1


[Site "https://www.chess.com"]

[Event "Titled Tuesday Blitz June 6 Early 2023"]
[White "Janaszak, Dawid"]
[Black "Pulpan, Jakub"]
[WhiteFideId "1119206"]
[BlackFideId "302759"]
[WhiteElo "2220"]
[BlackElo "2484"]
[Result "0-1"]
[Round "4"]
[TimeControl "180+2"]
[Date "2023.06.06"]
[WhiteClock "0:00:12"]
[BlackClock "0:00:04"]
[Board "59"]

1. Nf3 e6 2. d4 c5 3. e4 cxd4 4. Nxd4 a6 5. Nc3 Qc7 6. Qd3 Nc6 7. Nxc6 bxc6 8. Qg3 Qxg3 9. hxg3 d5 10. Bd3 Nf6 11. Bd2 Rb8 12. O-O-O Bc5 13. f3 Bd4 14. b3 h6 15. Ne2 Be5 16. exd5 cxd5 17. Bf4 Bxf4+ 18. Nxf4 O-O 19. g4 Bd7 20. a4 a5 21. Rde1 Rfc8 22. Kd2 Kf8 23. Nh5 Nxh5 24. gxh5 f6 25. Rh4 e5 26. Bg6 Ke7 27. g4 Kd6 28. Rh2 Rb4 29. Rhe2 Rc5 30. Re3 d4 31. R3e2 Bc8 32. f4 Bxg4 33. Rg2 f5 34. Bf7 e4 35. Bc4 Rbxc4 36. bxc4 Rxc4 37. Rb1 e3+ 38. Kd3 Rxa4 39. c3 e2 40. cxd4 Rb4 41. Ra1 a4 42. Kc3 Rb3+ 43. Kc2 Kd5 44. Rgg1 Re3 45. Kd2 Rb3 46. Rxa4 Rb2+ 47. Ke3 Rb3+ 48. Kd2 Ke4 49. d5+ Kf3 50. d6 Kf2 51. Rc1 Rb6 52. Rd4 Rb2+ 53. Kc3 Rb8 54. d7 Rd8 55. Kd2 Bf3 56. Rd3 Bg4 57. Rd4 Bf3 58. Rd6 Bxh5 59. Re1 Bf3 60. Rd3 h5 61. Rc1 h4 62. Rd6 h3 63. Rd3 h2 64. Rcc3 e1=Q+ 65. Kc2 Qxc3+ 66. Kxc3 h1=Q 0-1


[Site "https://www.chess.com"]

[Event "Titled Tuesday Blitz June 6 Early 2023"]
[White "Koshulyan, Egor A."]
[Black "Vyatkin, Dmitry"]
[WhiteFideId "24237000"]
[BlackFideId "4171900"]
[WhiteElo "2216"]
[BlackElo "2279"]
[Result "1-0"]
[Round "4"]
[TimeControl "180+2"]
[Date "2023.06.06"]
[WhiteClock "0:00:29"]
[BlackClock "0:00:09"]
[Board "60"]

1. e4 e6 2. d4 d5 3. e5 c5 4. c3 Nc6 5. Nf3 Bd7 6. Na3 f6 7. Bd3 a6 8. Nc2 Qc7 9. O-O fxe5 10. Nxe5 Nxe5 11. Bf4 Nf6 12. Bxe5 Bd6 13. f4 O-O-O 14. Ne3 Kb8 15. a4 Ka7 16. a5 Bb5 17. Bxb5 axb5 18. dxc5 Bxe5 19. fxe5 Qxe5 20. Nc2 Ne4 21. Nd4 Nxc5 22. Rf7 Qe3+ 23. Kh1 Rd7 24. Rxd7 Nxd7 25. Nxb5+ Kb8 26. a6 b6 27. a7+ Kb7 28. Nc7 Kxc7 29. a8=Q Rxa8 30. Rxa8 Kd6 31. Ra1 g6 32. Qb3 h5 33. Qb4+ Qc5 34. Qf4+ Kc6 35. Qg5 Qb5 36. Qxg6 Qxb2 37. Qxe6+ Kc5 38. Rd1 Qb3 39. Rc1 Nb8 40. Qe3+ Kb5 41. Qd3+ Kc5 42. Rb1 Qc4 43. Qe3+ Kc6 44. Qxb6+ 1-0


[Site "https://www.chess.com"]

[Event "Titled Tuesday Blitz June 6 Early 2023"]
[White "Horvath, Dominik"]
[Black "Chernomordik, Pavel"]
[WhiteFideId "1642561"]
[BlackFideId "2804530"]
[WhiteElo "2407"]
[BlackElo "2193"]
[Result "1-0"]
[Round "4"]
[TimeControl "180+2"]
[Date "2023.06.06"]
[WhiteClock "0:00:44"]
[BlackClock "0:00:06"]
[Board "61"]

1. e4 g6 2. d4 Bg7 3. Nc3 d6 4. Nf3 a6 5. a4 b6 6. Be2 Bb7 7. O-O Nd7 8. Re1 e6 9. Bf1 Ne7 10. Ra3 h6 11. Bf4 g5 12. Bc1 Ng6 13. d5 e5 14. Nd2 O-O 15. Nc4 Bc8 16. Na2 a5 17. Nc3 Nc5 18. Nb5 f5 19. exf5 Bxf5 20. Be3 Nf4 21. f3 Qd7 22. Bf2 g4 23. Ne3 gxf3 24. Qxf3 Be4 25. Qd1 Rf7 26. Ng4 Bxd5 27. Rg3 Kh8 28. Be3 Be6 29. Nf2 Raf8 30. Be2 d5 31. Bh5 Nxh5 32. Qxh5 Rf5 33. Qh4 R8f6 34. Ng4 Qf7 35. Nxf6 Rxf6 36. h3 d4 37. Bd2 e4 38. Nxd4 Bc4 39. Be3 1-0


[Site "https://www.chess.com"]

[Event "Titled Tuesday Blitz June 6 Early 2023"]
[White "Jaracz, Pawel"]
[Black "Zheenbekov, Nurgazy"]
[WhiteFideId "1102222"]
[BlackFideId "13800485"]
[WhiteElo "2454"]
[BlackElo "1975"]
[Result "1/2-1/2"]
[Round "4"]
[TimeControl "180+2"]
[Date "2023.06.06"]
[WhiteClock "0:00:16"]
[BlackClock "0:00:15"]
[Board "62"]

1. e4 e5 2. Nf3 Nc6 3. Bb5 a6 4. Ba4 Nf6 5. O-O Be7 6. d3 b5 7. Bb3 d6 8. c3 O-O 9. Re1 Na5 10. Bc2 c5 11. Nbd2 Nc6 12. h3 Re8 13. Nf1 h6 14. Ne3 Bf8 15. a4 Bb7 16. Nh2 d5 17. Nhg4 d4 18. Nxf6+ Qxf6 19. Nd5 Qd8 20. f4 exf4 21. Bxf4 Ne7 22. Nc7 Ng6 23. Bh2 dxc3 24. bxc3 Qf6 25. Nxa8 Bxa8 26. axb5 axb5 27. Qd2 Rd8 28. Rf1 Qc6 29. Qf2 f6 30. Kh1 Kh8 31. d4 cxd4 32. cxd4 Bb4 33. Rad1 Bc3 34. e5 Nh4 35. d5 Rxd5 36. Be4 Rxd1 37. Bxc6 Rxf1+ 38. Qxf1 Bxc6 39. Qd3 Bxg2+ 40. Kg1 Bd4+ 41. Qxd4 Nf3+ 42. Kxg2 Nxd4 43. exf6 gxf6 44. Kf2 Kg7 45. Bd6 Kg6 46. Bc5 Ne6 47. Bd6 Kf5 48. Kf3 h5 49. Kg3 Ng5 50. Kh4 Kg6 51. Bb4 Nf3+ 52. Kg3 Ne5 53. Bd6 Kf5 54. Kh4 Kg6 55. Kg3 Nd3 56. Kf3 b4 57. Ke3 b3 58. Kxd3 b2 59. Kc2 Kf5 60. Be7 h4 61. Kxb2 Kf4 62. Bxf6 Kg3 63. Bxh4+ Kxh3 1/2-1/2


[Site "https://www.chess.com"]

[Event "Titled Tuesday Blitz June 6 Early 2023"]
[White "feuervogel1000000"]
[Black "Wagner, Dennis"]
[BlackFideId "24650684"]
[WhiteElo "2511"]
[BlackElo "2478"]
[Result "1-0"]
[Round "4"]
[TimeControl "180+2"]
[Date "2023.06.06"]
[WhiteClock "0:00:32"]
[BlackClock "0:00:05"]
[Board "63"]

1. d4 Nf6 2. c4 e6 3. Nf3 d5 4. Nc3 Bb4 5. Qa4+ Nc6 6. e3 O-O 7. Bd2 Qe8 8. cxd5 exd5 9. Qc2 Bg4 10. Be2 Bxf3 11. gxf3 a6 12. O-O-O Bd6 13. Bd3 Nb4 14. Qb1 Nxd3+ 15. Qxd3 c5 16. dxc5 Bxc5 17. Nxd5 Nxd5 18. Qxd5 Rd8 19. Qxb7 Qe6 20. Kb1 Qg6+ 21. Qe4 Qg2 22. Bc3 Rfe8 23. Rdg1 Qxg1+ 24. Rxg1 Rxe4 25. fxe4 g6 26. Kc2 Kf8 27. Rg5 Rc8 28. Kd3 Ke8 29. Rd5 Be7 30. f4 f6 31. a4 Rc6 32. b4 Rc8 33. b5 axb5 34. axb5 Kf7 35. b6 Ke6 36. Bd4 Rc1 37. Rb5 Rc8 38. b7 Rb8 39. Ba7 Rd8+ 40. Rd5 Bd6 41. b8=Q Rxb8 42. Rxd6+ Kxd6 43. Bxb8+ Ke6 44. Kd4 f5 45. exf5+ gxf5 46. e4 h5 47. e5 1-0


[Site "https://www.chess.com"]

[Event "Titled Tuesday Blitz June 6 Early 2023"]
[White "Radzhabov, Rodion"]
[Black "Horak, Martin"]
[WhiteFideId "884715"]
[BlackFideId "367095"]
[WhiteElo "2174"]
[BlackElo "2091"]
[Result "1-0"]
[Round "4"]
[TimeControl "180+2"]
[Date "2023.06.06"]
[WhiteClock "0:01:52"]
[BlackClock "0:00:05"]
[Board "64"]

1. e4 e5 2. Nf3 Nc6 3. Nc3 Nf6 4. Be2 d5 5. exd5 Nxd5 6. O-O Nxc3 7. bxc3 Bd6 8. d4 exd4 9. cxd4 O-O 10. Rb1 Rb8 11. c4 Re8 12. c5 Bf8 13. d5 Ne5 14. c6 Nxf3+ 15. Bxf3 b6 16. Bf4 Bd6 17. Qd2 Bf5 18. Rbe1 Qf6 19. h4 h6 20. Bxd6 Qxd6 21. Re3 Kf8 22. Rfe1 Rbd8 23. Qe2 Rxe3 24. Qxe3 Bg6 25. h5 Bf5 26. g3 Bc8 27. a4 a5 28. Kg2 Bf5 29. Qe2 Bc8 30. Qc2 Kg8 31. Qe4 Qf6 32. Qe7 1-0


[Site "https://www.chess.com"]

[Event "Titled Tuesday Blitz June 6 Early 2023"]
[White "Andreev, Konstantin"]
[Black "Samunenkov, Ihor"]
[WhiteFideId "24239305"]
[BlackFideId "14187086"]
[WhiteElo "2106"]
[BlackElo "2457"]
[Result "1-0"]
[Round "4"]
[TimeControl "180+2"]
[Date "2023.06.06"]
[WhiteClock "0:01:03"]
[BlackClock "0:00:01"]
[Board "65"]

1. e4 c5 2. Nf3 Nc6 3. Nc3 g6 4. d4 cxd4 5. Nxd4 Bg7 6. Be3 Nf6 7. Bc4 O-O 8. Bb3 Re8 9. f3 e6 10. f4 d6 11. Qd2 Ng4 12. Bg1 Nxd4 13. Bxd4 e5 14. fxe5 dxe5 15. Bg1 Qh4+ 16. g3 Qh3 17. Nd5 Be6 18. Qe2 Bh6 19. Nc7 Bxb3 20. axb3 Red8 21. Nxa8 Bd2+ 22. Kd1 Bc3+ 23. Kc1 Bd2+ 24. Kb1 Rxa8 25. Qxd2 Qf1+ 26. Qc1 Qg2 27. Bxa7 Qxe4 28. Re1 Qg2 29. Bc5 Rc8 30. b4 e4 31. Ra3 Rd8 32. Rd1 Re8 33. Qd2 Qf3 34. Rxf3 1-0


[Site "https://www.chess.com"]

[Event "Titled Tuesday Blitz June 6 Early 2023"]
[White "Amilal Munkhdalai"]
[Black "Aarav Dengla"]
[WhiteFideId "4903250"]
[BlackFideId "45059756"]
[WhiteElo "2293"]
[BlackElo "2288"]
[Result "1/2-1/2"]
[Round "4"]
[TimeControl "180+2"]
[Date "2023.06.06"]
[WhiteClock "0:00:16"]
[BlackClock "0:00:12"]
[Board "66"]

1. e4 c5 2. Nf3 d6 3. d4 cxd4 4. Nxd4 Nf6 5. f3 e5 6. Nb3 Be7 7. c4 Be6 8. Be3 Nbd7 9. Nc3 Nb6 10. Nd5 Rc8 11. Rc1 O-O 12. Be2 Nfxd5 13. cxd5 Bd7 14. O-O Bg5 15. Qd2 Bxe3+ 16. Qxe3 Qe7 17. Na5 Rxc1 18. Rxc1 Bc8 19. Qc3 f5 20. Qc7 Qg5 21. Qc3 fxe4 22. fxe4 Na4 23. Qc2 Qe3+ 24. Kh1 Bd7 25. Nc4 Qh6 26. b3 Nc5 27. Nxd6 Qxd6 28. Qxc5 Qxc5 29. Rxc5 Rf2 30. Rc2 Bg4 31. Bd3 Rxc2 32. Bxc2 Kf7 33. Kg1 Ke7 34. b4 Kd6 35. Kf2 Bd7 36. a3 Be8 37. Bd3 Bd7 38. Kg3 Be8 39. h4 Bd7 40. Kf2 Bg4 41. Bb5 Bh5 42. Ke3 Bg4 43. a4 Bd1 44. a5 a6 45. Be2 Ba4 46. Bg4 Be8 47. Bf5 h6 48. Kf3 Bf7 49. Kg4 Be8 50. h5 Bf7 51. Bc8 Kc7 52. Be6 Be8 53. Bf5 Ba4 54. Bg6 Bd7+ 55. Kg3 Kd6 56. Kh4 Ba4 57. g4 Bc2 58. g5 Bd1 59. Bf5 Bf3 60. Bg6 Be2 61. Bh7 Bf3 62. Bf5 Be2 63. Bg4 Bd3 64. Bf3 Bb5 65. Kg4 Bd7+ 66. Kh4 Bb5 67. gxh6 gxh6 68. Kg3 Bd7 69. Bg4 Be8 70. Kh4 Ba4 71. Bc8 Kc7 72. Be6 Bc2 73. Bf5 Bd1 74. Bg4 Bc2 75. Bf3 Ba4 76. Be2 Kd6 77. Kg4 Bd7+ 78. Kf3 Ba4 79. Bd3 Be8 80. Kg4 Bd7+ 81. Kh4 Be8 82. Bf1 Bd7 83. Bh3 Ba4 84. Bc8 Kc7 85. Be6 Bc2 86. d6+ Kxd6 87. Bd5 Kc7 88. Kg4 Bd1+ 89. Kf5 Bxh5 90. Kxe5 Be8 91. Kf6 h5 92. e5 h4 93. Bg2 Bc6 94. Bxc6 bxc6 95. e6 h3 96. e7 h2 97. e8=Q h1=Q 98. Qe7+ Kc8 99. Qe6+ Kc7 100. Qf7+ Kc8 101. Qf8+ Kc7 102. Qg7+ Kc8 103. Qg4+ Kc7 104. Qf4+ Kc8 105. Qf5+ Kc7 106. Qe5+ Kc8 107. Qf5+ Kc7 108. Qf4+ Kc8 109. Ke7 Qd5 110. Qd6 Qb5 111. Qd8+ Kb7 112. Qd7+ Kb8 113. Qd6+ Kb7 114. Qd7+ Kb8 115. Qd6+ Kb7 116. Kd8 Qd5 117. Kd7 Qf5+ 118. Qe6 Qd5+ 119. Ke7 Qxe6+ 120. Kxe6 c5 121. bxc5 Kc6 122. Ke5 Kxc5 123. Ke4 Kb5 124. Kd4 Kxa5 125. Kc4 Ka4 126. Kc3 Ka3 127. Kc2 a5 128. Kb1 a4 129. Ka1 Kb4 130. Kb1 Kb3 131. Ka1 a3 132. Kb1 a2+ 133. Ka1 Ka3 1/2-1/2


[Site "https://www.chess.com"]

[Event "Titled Tuesday Blitz June 6 Early 2023"]
[White "Estrada Nieto, Julian"]
[Black "Fus, Jakub"]
[WhiteFideId "5101018"]
[BlackFideId "1193023"]
[WhiteElo "2161"]
[BlackElo "2335"]
[Result "1/2-1/2"]
[Round "4"]
[TimeControl "180+2"]
[Date "2023.06.06"]
[WhiteClock "0:00:12"]
[BlackClock "0:00:54"]
[Board "67"]

1. e4 c6 2. d4 d5 3. Nd2 dxe4 4. Nxe4 Bf5 5. Ng3 Bg6 6. h4 h6 7. Nf3 e6 8. h5 Bh7 9. Bd3 Bxd3 10. Qxd3 Nf6 11. Bd2 Be7 12. O-O-O Nbd7 13. Qe2 Qb6 14. Ne5 Qxd4 15. Nxd7 Qxd7 16. Bxh6 Qc7 17. Bxg7 Qf4+ 18. Qd2 Qxd2+ 19. Rxd2 Rh7 20. Bxf6 Bxf6 21. Ne4 Be7 22. g4 f5 23. gxf5 exf5 24. Nd6+ Bxd6 25. Rxd6 Ke7 26. Rhd1 Rxh5 27. Rd7+ Ke6 28. f4 Rh1 29. Rd6+ Ke7 30. Rd7+ Ke6 31. Rxh1 Kxd7 32. Rh7+ Ke6 33. Rxb7 a5 34. Rc7 Kd6 35. Rf7 Ke6 36. Rc7 Kd6 37. Rf7 Ke6 38. Rc7 1/2-1/2


[Site "https://www.chess.com"]

[Event "Titled Tuesday Blitz June 6 Early 2023"]
[White "Begmuratov, Alisher"]
[Black "Pham, Le Thao Nguyen"]
[WhiteFideId "14203367"]
[BlackFideId "12401226"]
[WhiteElo "2387"]
[BlackElo "2286"]
[Result "1/2-1/2"]
[Round "4"]
[TimeControl "180+2"]
[Date "2023.06.06"]
[WhiteClock "0:00:10"]
[BlackClock "0:00:08"]
[Board "68"]

1. e4 c6 2. d4 d5 3. Nc3 dxe4 4. Nxe4 Nf6 5. Bd3 Nbd7 6. Nf3 Nxe4 7. Bxe4 Nf6 8. Bd3 Bg4 9. O-O e6 10. c3 Be7 11. h3 Bh5 12. Re1 O-O 13. Bf4 a5 14. Qe2 a4 15. a3 Re8 16. Rad1 Qd5 17. g4 Bg6 18. Ne5 Bxd3 19. Rxd3 Qd8 20. c4 Nd7 21. Nxf7 Kxf7 22. Qxe6+ Kf8 23. Rf3 Nf6 24. g5 Bxa3 25. Qxe8+ Qxe8 26. Rxe8+ Kxe8 27. gxf6 Bf8 28. Be5 gxf6 29. Rxf6 a3 30. bxa3 Rxa3 31. Kg2 Rc3 32. c5 Rc2 33. Rf3 Re2 34. Rb3 Bxc5 35. Rxb7 Be7 36. Kf3 Rc2 37. Ke3 c5 38. f4 cxd4+ 39. Kxd4 Rh2 40. Rb3 Kf7 41. f5 Rf2 42. Ke4 Re2+ 43. Kd5 Rd2+ 44. Ke4 Re2+ 45. Kf4 Rf2+ 46. Kg4 h5+ 47. Kg3 Rxf5 48. Bf4 Bf6 49. Rb7+ Kg6 50. Rb6 Kf7 51. Rc6 Be5 52. Bxe5 Rxe5 53. Kf4 Rb5 54. h4 Kg7 55. Rd6 Rc5 56. Re6 Rb5 57. Re5 Rxe5 58. Kxe5 Kg6 59. Kf4 Kf6 60. Ke4 Ke6 61. Kf4 Kf6 62. Ke4 Ke6 63. Kf4 Kf6 1/2-1/2


[Site "https://www.chess.com"]

[Event "Titled Tuesday Blitz June 6 Early 2023"]
[White "Malek, Jan"]
[Black "Lorenzo De La Riva, Lazaro"]
[WhiteFideId "21864080"]
[BlackFideId "2268809"]
[WhiteElo "2255"]
[BlackElo "2294"]
[Result "0-1"]
[Round "4"]
[TimeControl "180+2"]
[Date "2023.06.06"]
[WhiteClock "0:00:02"]
[BlackClock "0:00:08"]
[Board "69"]

1. f4 b6 2. Nf3 Bb7 3. e3 g6 4. d4 Bg7 5. Bd3 c5 6. O-O Nf6 7. c4 cxd4 8. exd4 d5 9. c5 bxc5 10. dxc5 O-O 11. Nc3 Nbd7 12. Be3 Qa5 13. Rb1 Rfc8 14. b4 Qd8 15. Bd4 a5 16. a3 axb4 17. axb4 Ne4 18. Qc2 Ndf6 19. Rfe1 e6 20. Ne5 Ra3 21. Ra1 Rca8 22. Rxa3 Rxa3 23. c6 Bc8 24. b5 Nxc3 25. Bxc3 Qb6+ 26. Kh1 Nh5 27. Bb4 Rxd3 28. Nxd3 Qxb5 29. c7 Bd4 30. Rb1 Nf6 31. Be7 Qa6 32. Rb8 Kg7 33. h3 Ne4 34. Kh2 Qa1 35. Qc1 Qa6 36. Ne5 Bf2 37. Qc2 Qf1 38. Bf8+ Kxf8 39. Rxc8+ Kg7 40. Rg8+ Kxg8 41. c8=Q+ Kg7 42. Qxf2 Qxf2 43. Qc7 Qxf4+ 44. Kg1 Ng3 45. h4 Ne2+ 46. Kh1 h5 0-1


[Site "https://www.chess.com"]

[Event "Titled Tuesday Blitz June 6 Early 2023"]
[White "Nemec, Jachym"]
[Black "Martinez Ramirez, Lennis"]
[WhiteFideId "23716525"]
[BlackFideId "3509079"]
[WhiteElo "2347"]
[BlackElo "2410"]
[Result "1-0"]
[Round "4"]
[TimeControl "180+2"]
[Date "2023.06.06"]
[WhiteClock "0:00:47"]
[BlackClock "0:00:02"]
[Board "70"]

1. b3 e5 2. Bb2 Nf6 3. Bxe5 Nc6 4. Bb2 d5 5. e3 a6 6. Be2 Bf5 7. d3 h5 8. Nf3 h4 9. h3 Bc5 10. a3 Qe7 11. b4 Ba7 12. d4 Ne4 13. Nc3 Rd8 14. Nxe4 Bxe4 15. Qd2 f6 16. O-O-O b5 17. Bd3 Kf7 18. Bxe4 dxe4 19. Qc3 Qe6 20. Nd2 Ne7 21. Qb3 Nd5 22. Rhe1 Bb6 23. f3 f5 24. fxe4 fxe4 25. Rf1+ Kg6 26. c4 bxc4 27. Nxc4 Rh5 28. Kb1 Rg5 29. Ne5+ Kh7 30. Rf2 Rxe5 31. dxe5 Nc3+ 32. Qxc3 Rxd1+ 33. Bc1 Rd3 34. Qc2 Qxe5 35. Bb2 Qd5 36. Qe2 Rd1+ 37. Kc2 Qd3+ 38. Qxd3 Rxd3 39. Rf4 Rxe3 40. Rxh4+ Kg8 41. Rg4 Re2+ 42. Kb3 e3 43. Rxg7+ Kf8 44. Rg4 Rf2 45. Bc3 e2 46. Rg3 Kf7 47. h4 Rf1 48. Rf3+ Kg6 49. Kc4 1-0


[Site "https://www.chess.com"]

[Event "Titled Tuesday Blitz June 6 Early 2023"]
[White "Kleiman, Jake"]
[Black "Grunberg, Mihai-Lucian"]
[WhiteFideId "2020041"]
[BlackFideId "1204149"]
[WhiteElo "2673"]
[BlackElo "2363"]
[Result "1-0"]
[Round "4"]
[TimeControl "180+2"]
[Date "2023.06.06"]
[WhiteClock "0:01:52"]
[BlackClock "0:02:16"]
[Board "71"]

1. e4 c5 2. c3 e6 3. d4 d5 4. exd5 Qxd5 5. Nf3 Nc6 6. Na3 cxd4 7. Nb5 Qc5 8. Nc7+ Kd8 9. Nxa8 b6 10. Nxd4 Nxd4 11. Be3 Qd5 12. Qxd4 Bb7 13. Qa4 Bxa8 14. Rd1 1-0


[Site "https://www.chess.com"]

[Event "Titled Tuesday Blitz June 6 Early 2023"]
[White "Ashraf, Artin"]
[Black "Jiang, Brian"]
[WhiteFideId "22514805"]
[BlackFideId "2627922"]
[WhiteElo "2224"]
[BlackElo "2462"]
[Result "1-0"]
[Round "4"]
[TimeControl "180+2"]
[Date "2023.06.06"]
[WhiteClock "0:00:28"]
[BlackClock "0:00:16"]
[Board "72"]

1. c4 e5 2. d3 f5 3. Nf3 d6 4. g3 Nf6 5. Bg2 Be7 6. O-O c6 7. Nc3 O-O 8. b4 a5 9. b5 Kh8 10. bxc6 bxc6 11. c5 dxc5 12. Nxe5 Qd4 13. Nc4 Qxc3 14. Bb2 Qb4 15. Rb1 Nd5 16. Qc2 Qb7 17. Bxg7+ Kxg7 18. Rxb7 Bxb7 19. Qb2+ Nf6 20. Qxb7 Nbd7 21. Qxc6 Rab8 22. Qe6 Rf7 23. Nxa5 Rb2 24. Nc4 Nf8 25. Qxf7+ Kxf7 26. Nxb2 Ne6 27. a4 Bd8 28. Nc4 Nd4 29. e3 Nc2 30. a5 Nb4 31. Ra1 Na6 32. Bb7 Nb4 33. a6 1-0


[Site "https://www.chess.com"]

[Event "Titled Tuesday Blitz June 6 Early 2023"]
[White "KorolDimitriy75"]
[Black "Souleidis, Georgios"]
[BlackFideId "4206827"]
[WhiteElo "2463"]
[BlackElo "2401"]
[Result "0-1"]
[Round "4"]
[TimeControl "180+2"]
[Date "2023.06.06"]
[WhiteClock "0:00:02"]
[BlackClock "0:00:03"]
[Board "73"]

1. d4 Nf6 2. c4 g6 3. Nc3 Bg7 4. e4 d6 5. Nf3 O-O 6. Be2 e5 7. dxe5 dxe5 8. Qxd8 Rxd8 9. Bg5 c6 10. Nxe5 Re8 11. O-O-O Na6 12. Rd6 Be6 13. f4 h6 14. Bh4 Nc5 15. Bf3 g5 16. Bf2 Na6 17. g3 Bf8 18. Rd2 Bb4 19. Kc2 Nc5 20. Re1 g4 21. Bg2 Ncxe4 22. Nxe4 Nxe4 23. Bxe4 Bxd2 24. Kxd2 f6 25. f5 Rad8+ 26. Kc3 Bc8 27. Ng6 Kg7 28. Nf4 Kf7 29. Bd3 Rxe1 30. Bxe1 Re8 31. Bf2 b6 32. a4 Re5 33. Kd4 c5+ 34. Kc3 Bxf5 35. Bxf5 Rxf5 36. Kd3 Re5 37. Be3 f5 38. Nd5 Re4 39. b3 h5 40. Nf4 h4 41. gxh4 Re8 42. h5 Kf6 43. Nd5+ Kg7 44. h6+ Kh8 45. Bg5 Re1 46. Bf6+ Kh7 47. Bg7 Rh1 48. Nf6+ Kg6 49. Nd7 Rxh2 50. Ke3 g3 51. Nf8+ Kf7 52. Kf3 f4 0-1


[Site "https://www.chess.com"]